 Dungeon Crawl Stone Soup version 0.26-a0-439-g855e26d (webtiles) character file.

Game seed: 3999126208148511669

44 kfa408 the Firebug (level 3, 0/26 HPs)
             Began as a Demigod Fire Elementalist on July 26, 2020.
             Slain by an adder (5 damage)
             ... on level 2 of the Dungeon.
             The game lasted 00:03:19 (1575 turns).

kfa408 the Firebug (Demigod Fire Elementalist)      Turns: 1575, Time: 00:03:20

Health: 0/26       AC:  2    Str: 11    XL:     3   Next: 22%
Magic:  0/8        EV: 12    Int: 21    God:
Gold:   106        SH:  0    Dex: 16    Spells: 4/5 levels left

rFire    . . .     SeeInvis .   c - -2 dagger (curse)
rCold    . . .     Faith    .   (no shield)
rNeg     . . .     Spirit   .   a - +0 robe
rPois    .         Reflect  .   (no helmet)
rElec    .         Harm     .   (no cloak)
rCorr    .                      (no gloves)
MR       .....                  (no boots)
Stlth    ++........             (no amulet)
HPRegen  0.08/turn              (no ring)
MPRegen  0.11/turn              (no ring)

@: very slightly contaminated
A: high mp 1
a: no special abilities


You were on level 2 of the Dungeon.
You visited 1 branch of the dungeon, and saw 3 of its levels.

You collected 106 gold pieces.

Inventory:

Hand Weapons
 b - a +1 dagger of draining
 c - a cursed -2 dagger (weapon)
Armour
 a - a +0 robe (worn)
Potions
 e - a potion of curing


   Skills:
 - Level 1.7 Dodging
 - Level 1.7 Stealth
 - Level 1.7 Spellcasting
 - Level 0.8 Conjurations
 + Level 4.1 Fire Magic


You had 4 spell levels left.
You knew the following spells:

 Your Spells              Type           Power        Failure   Level
a - Foxfire               Conj/Fire      ##..         5%          1

Your spell library contained the following spells:

 Spells                   Type           Power        Failure   Level
 Conjure Flame            Conj/Fire      ##......     16%         3
 Inner Flame              Hex/Fire       ##......     19%         3
 Sticky Flame             Conj/Fire      ##......     47%         4
 Fireball                 Conj/Fire      ##........   83%         5


Dungeon Overview and Level Annotations

Branches:
Dungeon (3/15)

Annotations:
D:2 Natasha


Innate Abilities, Weirdness & Mutations

You have an increased reservoir of magic. (+10% MP)


Message History

You are too injured to fight recklessly!
You are too injured to fight recklessly!
You are too injured to fight recklessly!
You are too injured to fight recklessly!
You are too injured to fight recklessly!
You are too injured to fight recklessly!
You are too injured to fight recklessly!
You are too injured to fight recklessly!
You are too injured to fight recklessly!
You are too injured to fight recklessly!
You are too injured to fight recklessly!
You miss the adder.
The foxfire hits the adder but does no damage.
The adder bites you.
* * * LOW HITPOINT WARNING * * *
The leopard gecko misses you. The adder bites you but does no damage.
You closely miss the adder. The leopard gecko misses you.
The adder closely misses you.
You completely miss the adder. The adder bites you.
You die...

# # # .......
##### #
l......
##...# #
....r.. ....#
# ....... ...
###.....!
#S##
..#......
#@.# #...#
##l## ...####
#o.# ......##
# ##.#
..##...##.#
#.#
r##.......#
#.#
.....#.####
#.#
##...#.######
#.#
#..........#
#.#


You could see an adder, an orc and a leopard gecko.

Vanquished Creatures
  2 adders (D:3)
  3 leopard geckos
  An orc (D:3)
  A giant cockroach (D:1)
  3 goblins (D:1)
  6 kobolds (D:1)
  3 bats
  6 rats
25 creatures vanquished.

Vanquished Creatures (others)
  85 foxfires
85 creatures vanquished.

Grand Total: 110 creatures vanquished

Notes
Turn   | Place    | Note
-------+----------+-------------------------------------------
     0 | D:1      | kfa408 the Demigod Fire Elementalist began the quest for
                  | the Orb.
     0 | D:1      | Reached XP level 1. HP: 14/14 MP: 5/5
   277 | D:1      | Reached skill level 3 in Fire Magic
   622 | D:1      | Reached XP level 2. HP: 20/20 MP: 1/7
  1403 | D:2      | Noticed a centaur
  1431 | D:2      | Noticed Natasha
  1478 | D:3      | Reached skill level 4 in Fire Magic
  1478 | D:3      | Reached XP level 3. HP: 10/26 MP: 0/8
  1575 | D:2      | Slain by an adder

Illustrated notes

Levels and vault maps discovered:
D:1:      psy_arrival_statuary, layout_loops_ring,
          chequers_serial_rivers_micro_e
D:2:      layout_rooms, minmay_heptomino_l4, uniq_natasha
D:3:      layout_basic, old_standard_altar, overflow_temple_1_default,
          marbit_many_paths, gammafunk_temple_overflow_claw,
          general_overflow_altar

Skill      XL: |  1  2 |
---------------+-------+-----
Fire Magic     | 3 4 |  4.1
Dodging        | |  1.7
Stealth        | |  1.7
Spellcasting   | |  1.7
Conjurations   | |  0.8

Action                   || total
-------------------------++-------
Melee: Dagger            ||    14
 Cast: Foxfire           ||    64
  Use: Scroll            ||     6
       Potion            ||     2
Armor: Robe              ||    53
Dodge: Dodged            ||   103

Table legend: (Time is in decaauts)
 A = Elapsed time spent in this place.
 B = Non-inter-level travel time spent in this place.
 C = Inter-level travel time spent in this place.
 D = Time resting spent in this place.
 E = Time spent auto-exploring this place.
 F = Levels seen in this place.
 G = Mean time per level.
                   A        B        C        D        E       F      G
               +--------+--------+--------+--------+--------+-----+--------+
         Total |   1557 |   1551 |      6 |    185 |   1079 |   3 |  519.0 |
       Dungeon |   1557 |   1551 |      6 |    185 |   1079 |   3 |  519.0 |
               +--------+--------+--------+--------+--------+-----+--------+

Top non-repeatable levels by time:
     D:1: 1402 daAuts
     D:2: 105 daAuts
     D:3: 49 daAuts
